 Dungeon Crawl Stone Soup version 0.18.1-48-g4cf74bf (webtiles) character file.

3040 Gargoyl the Protected (level 9, -1/69 (71) HPs)
             Began as a Demonspawn Abyssal Knight on June 30, 2016.
             Was an Elder of Lugonu.
             Killed from afar by an orc warrior (10 damage)
             ... with a wand of lightning
             ... on level 7 of the Dungeon.
             The game lasted 00:15:04 (7828 turns).

Gargoyl the Protected (Demonspawn Abyssal Knight)   Turns: 7828, Time: 00:15:04

HP:   -1/69 (71)    AC: 16    Str: 17    XL:     9   Next: 56%
MP:   0/10          EV:  6    Int: 13    God:    Lugonu [****..]
Gold: 94            SH:  0    Dex: 12    Spells: 0 memorised, 8 levels left

rFire  . . .     SeeInvis .     t - +2 battleaxe (chop)
rCold  + . .     Gourm    .     o - +0 plate armour
rNeg   . . .     Faith    .     (shield currently unavailable)
rPois  .         Spirit   +     (helmet restricted)
rElec  .         Dismiss  .     (no cloak)
rCorr  .         Reflect  .     h - +1 pair of gloves
SustAt .         Harm     .     (no boots)
MR     .....                    (no amulet)
Stlth  ..........               (no ring)
                                b - ring of protection from cold

@: non-regenerating, diseased, not resistant to hostile enchantments, extremely
unstealthy
A: claws 1, horns 1, talons 1, magic shield
a: Depart the Abyss, Bend Space, Banish, Corrupt, Renounce Religion


You were on level 7 of the Dungeon.
You worshipped Lugonu.
Lugonu was greatly pleased with you.
You were not hungry.

You visited 1 branch of the dungeon, and saw 7 of its levels.
You visited the Abyss 1 time.

You collected 501 gold pieces.
You spent 407 gold pieces at shops.

Inventory:

Hand Weapons
 p - a +3 hand axe
 t - a +2 battleaxe of chopping (weapon)
Armour
 h - a +1 pair of gloves (worn)
 m - a +2 helmet
 o - a +0 plate armour (worn)
Jewellery
 b - a ring of protection from cold (left hand)
Wands
 g - a wand of flame (19/48)
 i - a wand of random effects (19/48)
 s - a wand of digging (0/24)
 z - a wand of lightning (7/15)
Scrolls
 e - 4 scrolls of remove curse
 l - 6 scrolls of teleportation
 r - a scroll of enchant armour
 w - 6 scrolls of identify
Potions
 d - 2 potions of lignification
 k - a potion of flight
 q - 2 potions of degeneration {unknown}
 u - a potion of might
 v - a potion of haste {unknown}
 x - 4 potions of curing
Books
 a - a book of Alchemy

   Spells                             Type                      Level
   a - Sublimation of Blood           Necromancy                   2
   b - Ignite Poison                  Fire/Transmutation/Poison    3
   c - Petrify                        Transmutation/Earth          4
   d - Alistair's Intoxication        Transmutation/Poison         5
   e - Irradiate                      Conjuration/Transmutation    5
Comestibles
 c - 4 bread rations
 f - 2 royal jellies
 j - 2 meat rations


   Skills:
 + Level 6.6 Fighting
 + Level 6.3 Axes
 * Level 8.8 Armour
 + Level 2.7 Dodging
 + Level 1.0 Stealth
 + Level 2.6 Invocations


You had 8 spell levels left.
You didn't know any spells.

Dungeon Overview and Level Annotations

Branches:
Dungeon (7/15)             Temple (0/1) D:5

Altars:
Cheibriados
Dithmenos
Gozag
Makhleb
Okawaru
Pakellas
Qazlal
Ru
Vehumet

Shops:
D:4 [%!}(   D:6 ?


Innate Abilities, Weirdness & Mutations

You have sharp fingernails.
You have a pair of small horns on your head.
You have sharp toenails.
When hurt, damage is shared between your health and your magic reserves.


Message History

You struggle to resist.
The orc warrior hits you from afar with a glaive.
You slash the orc priest!
You kill the orc priest!
Lugonu accepts your kill.
The orc warrior hits you from afar with a glaive!
The orc warrior hits you with a glaive.
Things that are here:
a flail; a scale mail You barely miss the orc warrior.
The orc warrior hits you with a glaive.
You closely miss the orc warrior.
You claw the orc warrior, but do no damage.
The orc warrior hits you with a glaive!!
* * * LOW HITPOINT WARNING * * *
You hear a shout!
You hit the orc warrior.
You claw the orc warrior, but do no damage.
The orc warrior is lightly wounded.
The orc warrior zaps a wand.
The bolt of lightning hits you!
You die...

################.#
.............).<.#
################.#
#.# #†# #.# #.#
##)# #.@#
#......o..#
#.####.#### .. ..?
####


You could see an orc warrior.

Vanquished Creatures
  The ghost of Gargoyl the Covered, a novice DsAK of Lugonu (D:5)
  Grinder (D:3)
  Sigmund (D:4)
  Eustachio (D:6)
  A sky beast (D:6)
  3 orc warriors (D:6)
  2 phantoms (D:7)
  A necrophage (D:7)
  2 ogres (D:4)
  2 centaurs
  The ghost of tape the Changer, an amateur OpTm (D:3)
  Blork the orc (D:4)
  2 giant frogs
  3 scorpions
  A howler monkey (D:6)
  2 hounds (D:4)
  A jelly (D:7)
  4 orc priests
  Jessica (D:3)
  2 iguanas
  Terence (D:3)
  6 orc wizards
  3 worker ants
  A hound zombie (D:5)
  A hound skeleton (D:7)
  2 howler monkey zombies
  Robin (D:2)
  7 gnolls
  6 adders
  2 oozes
  An adder skeleton (D:4)
  3 worms
  A dart slug (D:5)
  5 giant geckos
  27 orcs
  5 giant cockroaches
  13 goblins
  7 hobgoblins
  2 jackals (D:3)
  2 quokkas (D:3)
  5 bats
  A giant cockroach zombie (D:6)
  A giant gecko skeleton (D:4)
  A giant gecko zombie (D:6)
  5 giant newts
  7 kobolds
  A quokka skeleton (D:5)
  10 rats
160 creatures vanquished.

Vanquished Creatures (others)
  An orc wizard (D:5)
1 creature vanquished.

Grand Total: 161 creatures vanquished

Notes
Turn   | Place    | Note
--------------------------------------------------------------
     0 | Abyss:1  | Gargoyl the Demonspawn Abyssal Knight began the quest for the Orb.
     0 | Abyss:1  | Reached XP level 1. HP: 18/18 MP: 2/2
    26 | Abyss:1  | Found a corrupted altar of Lugonu.
    85 | Abyss:2  | Noticed a small abomination
   134 | Abyss:3  | Noticed a ynoxinul
   135 | D:1      | Escaped the Abyss
   189 | D:1      | Reached * piety under Lugonu
   857 | D:1      | Reached skill level 2 in Armour
  1077 | D:1      | Gained mutation: You have sharp fingernails. [demonic ancestry]
  1077 | D:1      | Reached XP level 2. HP: 19/24 MP: 3/3
  1342 | D:2      | Reached skill level 1 in Dodging
  1518 | D:2      | Reached XP level 3. HP: 29/29 MP: 4/4
  1589 | D:2      | Noticed Robin
  1590 | D:2      | Found a stormy altar of Qazlal.
  1600 | D:2      | Reached ** piety under Lugonu
  1611 | D:2      | Killed Robin
  1611 | D:2      | Reached skill level 3 in Armour
  1611 | D:2      | Gained mutation: You have sharp toenails. [demonic ancestry]
  1611 | D:2      | Reached XP level 4. HP: 30/35 MP: 5/5
  1654 | D:2      | Found a shadowy altar of Dithmenos.
  1658 | D:2      | Found a radiant altar of Vehumet.
  1736 | D:2      | Found an oddly glowing altar of Pakellas.
  1783 | D:2      | Found a burning altar of Makhleb.
  1784 | D:2      | Noticed a green death
  1883 | D:3      | Noticed tape's ghost (amateur OpTm)
  2011 | D:3      | Killed tape's ghost
  2011 | D:3      | Reached XP level 5. HP: 32/42 MP: 6/6
  2103 | D:3      | Noticed Grinder
  2121 | D:3      | Paralysed by Grinder for 4 turns
  2126 | D:3      | Killed Grinder
  2126 | D:3      | Reached skill level 4 in Armour
  2126 | D:3      | Reached XP level 6. HP: 20/48 MP: 7/7
  2480 | D:3      | Noticed Jessica
  2495 | D:3      | Killed Jessica
  2580 | D:3      | Reached *** piety under Lugonu
  2593 | D:3      | Noticed Terence
  2606 | D:3      | Killed Terence
  2705 | D:3      | Found a sacrificial altar of Ru.
  3230 | D:4      | Gained mutation: When hurt, damage is shared between your health and your magic reserves. [demonic ancestry]
  3230 | D:4      | Reached XP level 7. HP: 15/55 MP: 8/8
  3237 | D:4      | Reached skill level 5 in Armour
  3272 | D:4      | Noticed Blork the orc
  3283 | D:4      | HP: 2/55 [Blork the orc/dire flail of draining (6)]
  3285 | D:4      | Killed Blork the orc
  3527 | D:4      | Found Paimamec's Food Shop.
  3651 | D:4      | Found an iron altar of Okawaru.
  3651 | D:4      | Noticed Sigmund
  3663 | D:4      | Killed Sigmund
  3663 | D:4      | Reached skill level 5 in Fighting
  3709 | D:4      | Found Ovuubop's Antique Weapon Boutique.
  3717 | D:4      | Bought a glowing battleaxe for 149 gold pieces
  3901 | D:4      | Reached skill level 6 in Armour
  3901 | D:4      | Gained mutation: You have a pair of small horns on your head. [demonic ancestry]
  3901 | D:4      | Reached XP level 8. HP: 62/62 MP: 9/9
  3928 | D:4      | Found Gigoyfigre's Armour Shop.
  3967 | D:4      | Found Enout's Distillery.
  3972 | D:4      | Bought a potion of curing for 36 gold pieces
  3972 | D:4      | Bought a potion of heal wounds for 60 gold pieces
  3972 | D:4      | Bought a potion of curing for 36 gold pieces
  3988 | D:4      | Found Tenyc's Gadget Emporium.
  4050 | D:5      | Entered Level 5 of the Dungeon
  4260 | D:5      | Found a stormy altar of Qazlal.
  4268 | D:5      | Reached skill level 5 in Axes
  4418 | D:5      | Noticed Gargoyl's ghost (novice DsAK)
  4440 | D:5      | Killed Gargoyl's ghost
  4440 | D:5      | Reached skill level 7 in Armour
  4478 | D:5      | HP: 3/63 [poisoned by Gargoyl's ghost]
  4981 | D:5      | Found a staircase to the Ecumenical Temple.
  5477 | D:6      | Reached **** piety under Lugonu
  5495 | D:6      | Noticed Eustachio
  5615 | D:6      | Killed Eustachio
  5615 | D:6      | Reached XP level 9. HP: 43/69 MP: 6/10
  5944 | D:6      | Found Arghi's Magic Scroll Emporium.
  5958 | D:6      | Bought a scroll of teleportation for 42 gold pieces
  5958 | D:6      | Bought a scroll of teleportation for 42 gold pieces
  5958 | D:6      | Bought a scroll of teleportation for 42 gold pieces
  6036 | D:6      | Found an opulent altar of Gozag.
  6181 | D:6      | Reached skill level 8 in Armour
  6795 | D:7      | Found a snail-covered altar of Cheibriados.
  7467 | D:6      | Reached skill level 1 in Stealth
  7828 | D:7      | Killed from afar by an orc warrior

Skill      XL: |  1  2  3  4  5  6  7  8  9 |
---------------+----------------------------+-----
Armour         | 2 3 4 6 7 8 |  8.8
Axes           | 2 3 4 5 6 |  6.3
Dodging        | 1 2 |  2.7
Fighting       | 4 5 6 |  6.6
Stealth        | 1 |  1.0
Invocations    | |  2.6

Action                   |  1- 3 |  4- 6 |  7- 9 || total
-------------------------+-------+-------+-------++-------
Melee: Hand axe          |    87 |   135 |    36 ||   258
       Kick              |       |    27 |    65 ||    92
       Battleaxe         |       |       |   267 ||   267
       Headbutt          |       |       |    41 ||    41
Invok: Depart the Abyss  |     1 |       |       ||     1
Evoke: Wand              |       |     1 |       ||     1
  Use: Potion            |     4 |     1 |     8 ||    13
       Scroll            |       |     9 |     7 ||    16
  Eat: Chunk             |     2 |     5 |    14 ||    21
       Royal jelly       |       |       |     1 ||     1
Armor: Chain mail        |    29 |       |       ||    29
       Leather armour    |     7 |       |       ||     7
       Plate armour      |    64 |   114 |   289 ||   467
       Skin              |       |       |    15 ||    15
Dodge: Dodged            |    48 |    36 |   106 ||   190
